Map: Tours du crépuscule

Players

zidar - Winner!

  • Race: Zerg Zerg
  • League: Gold
  • Spawn Location: 1:00

SünnerG

  • Race: Terran Terran
  • League: Gold
  • Spawn Location: 7:00

VOD

Have the link to the VOD?

Description

Time

  • Played on: May 31, 2016, 9:24 a.m.
  • Length: 17:51
Show
View Real Time Build Order
Export as new Build Order

zidar Zerg - Winner!

Build Orders: Hatch First, Muta Ling Bane 

Get SALT Encoding   

  12  0:01  Drone  
  13  0:12  Overlord  
  13  0:17  Drone  
  14  0:30  Drone x2  
  14  0:34  Drone  
  17  0:56  Hatchery  
  16  0:57  Drone  
  16  1:01  Extractor  
  16  1:02  Drone  
  17  1:22  Spawning Pool  
  17  1:25  Drone  
  17  1:30  Drone  
  18  1:41  Drone  
  19  1:56  Overlord  
  19  1:57  Drone  
  20  2:08  Queen  
  20  2:10  Queen  
  24  2:24  Zergling x4  
  24  2:25  Zergling x2  
  24  2:26  Drone  
  27  2:34  Metabolic Boost  
  26  3:02  Drone x6  
  30  3:29  Baneling Nest  
  30  3:30  Extractor  
  28  3:38  Pneumatized Carapace  
  28  3:41  Lair  
  28  3:44  Drone x7  
  35  3:53  Extractor  
  35  3:54  Extractor  
  33  4:00  Zergling x4  
  35  4:05  Overlord x3  
  35  4:17  Baneling x3  
  35  4:28  Queen  
  35  4:31  Hatchery  
  36  4:48  Zergling x4  
  36  4:49  Zergling x10  
  43  5:11  Spire, Drone x3  
  45  5:27  Drone x4  
  49  5:35  Queen  
  51  5:44  Centrifical Hooks  
  51  5:56  Evolution Chamber  
  50  5:57  Evolution Chamber  
  50  6:03  Drone x3  
  50  6:04  Drone  
  53  6:22  Baneling  
  53  6:23  Baneling x9  
  53  6:27  Zergling x8  
  57  6:44  Overlord x2  
  57  6:45  Overlord x2  
  50  7:15  Mutalisk x5  
  52  7:16  Mutalisk  
  61  7:37  Drone x7  
  67  7:54  Drone  
  67  7:55  Drone x4  
  72  8:19  Drone x10  
  82  8:28  Extractor, Overseer  
  82  8:29  Extractor, Drone x3  
  83  8:38  Zergling x10  
  88  8:42  Baneling x5  
  88  8:59  Zerg Melee Weapons Level 1  
  88  9:00  Zerg Ground Armor Level 1  
  89  9:02  Drone  
  89  9:03  Drone  
  89  9:05  Zerg Flyer Weapons Level 1  
  89  9:07  Overlord x3  
  90  9:26  Mutalisk x6  
  90  9:30  Zergling x6  
  105  9:37  Drone  
  105  9:38  Drone x4  
  109  9:39  Drone  
  109  9:42  Overlord  
  111  10:06  Infestation Pit  
  110  10:16  Mutalisk x6  
  122  10:29  Overlord x4  
  122  10:30  Overlord  
  122  10:44  Hatchery  
  121  11:03  Hive  
  121  11:07  Drone x2  
  123  11:11  Zerg Flyer Weapons Level 2  
  123  11:13  Zerg Melee Weapons Level 2  
  123  11:14  Zerg Ground Armor Level 2  
  123  11:50  Overseer  
  123  12:26  Adrenal Glands  
  123  12:34  Hatchery  
  123  12:35  Ultralisk Cavern  
  121  12:39  Queen  
  121  12:43  Zergling x2  
  121  12:44  Zergling x32  
  128  12:45  Zergling x6  
  128  12:46  Zergling x8  
  134  13:01  Baneling x13  
  134  13:02  Baneling  
  99  14:00  Chitinous Plating  
  99  14:03  Zerg Ground Armor Level 3  
  99  14:04  Hatchery, Zerg Melee Weapons Level 3  
  99  14:06  Zergling x20  
  99  14:07  Zergling x10  
  99  14:08  Zergling x6  
  99  14:09  Zergling x2  
  117  14:11  Ultralisk x3  
  117  14:12  Ultralisk x3  
  117  14:13  Ultralisk  
  117  14:15  Overlord x3  
  117  14:16  Overlord  
  159  14:42  Zergling x30  
  174  14:45  Baneling  
  174  14:46  Baneling x15  
  174  15:16  Ultralisk x3  
  192  15:22  Baneling x8  
  135  16:11  Mutalisk x2  
  135  16:12  Mutalisk x10  
  135  16:13  Zergling x16  
  135  16:14  Zergling x2  
  145  16:56  Zergling x46  
  145  16:57  Zergling x4  
Show
View Real Time Build Order
Export as new Build Order

SünnerG Terran 

Build Orders:  

Get SALT Encoding   

  12  0:01  SCV  
  13  0:13  SCV  
  14  0:18  Supply Depot  
  14  0:25  SCV  
  15  0:40  SCV  
  15  0:42  Barracks  
  16  0:45  Refinery  
  16  0:52  SCV  
  17  1:01  Barracks  
  17  1:04  SCV  
  18  1:16  SCV  
  19  1:29  SCV  
  19  1:31  Supply Depot  
  21  1:32  Reaper  
  21  1:54  Marine  
  21  1:59  Orbital Command  
  22  2:21  Marine  
  23  2:22  Barracks Tech Lab  
  23  2:24  SCV  
  24  2:30  Command Center  
  23  3:20  SCV  
  23  3:22  Marine, Marauder  
  27  3:32  SCV  
  28  3:36  Command Center  
  28  3:37  Factory  
  28  3:38  Refinery  
  28  3:41  Barracks  
  28  3:42  Combat Shield, Supply Depot  
  28  3:44  Marine, Marauder  
  31  3:57  Orbital Command  
  31  3:59  SCV  
  32  4:10  Engineering Bay  
  32  4:12  Marine  
  32  4:14  Marine  
  34  4:19  SCV  
  34  4:24  Hellion  
  37  4:27  SCV  
  38  4:36  Barracks Reactor  
  38  4:44  Starport, Terran Infantry Weapons Level 1  
  38  4:47  Hellion  
  38  4:49  SCV  
  38  4:50  SCV  
  42  5:08  Hellion, Orbital Command  
  44  5:15  SCV x2  
  46  5:23  Stimpack  
  46  5:25  Marine x2  
  46  5:26  Marine  
  46  5:27  Marauder  
  46  5:28  SCV  
  52  5:30  SCV  
  52  5:34  Medivac  
  55  5:37  SCV  
  55  5:40  SCV  
  57  5:48  Missile Turret  
  57  5:49  SCV x2  
  59  5:50  Missile Turret  
  59  5:55  Refinery  
  59  5:56  Refinery  
  59  5:57  Factory Tech Lab  
  59  6:12  Missile Turret  
  59  6:16  Marine x2  
  59  6:17  Marine x2  
  63  6:18  SCV  
  63  6:19  SCV  
  63  6:24  SCV  
  63  6:25  Barracks  
  66  6:27  Barracks  
  66  6:28  Barracks  
  66  6:29  Missile Turret  
  66  6:31  Starport Reactor  
  66  6:33  Missile Turret, Siege Tank  
  66  6:38  Missile Turret  
  69  6:50  Marine x4, SCV x3  
  76  7:08  Marine  
  77  7:24  Marine x2, Marauder  
  77  7:25  Marine  
  74  7:35  Barracks Tech Lab  
  74  7:37  Barracks Tech Lab  
  74  7:38  Barracks Reactor  
  74  7:42  Marine  
  75  7:45  Bunker  
  75  7:46  Marauder  
  77  7:52  Orbital Command  
  77  7:57  Bunker  
  77  8:14  Supply Depot  
  77  8:16  Supply Depot  
  77  8:18  Terran Infantry Armor Level 1  
  77  8:19  Concussive Shells  
  77  8:20  SCV x2, Siege Tank  
  82  8:28  Supply Depot  
  82  8:32  SCV x2  
  84  8:38  Supply Depot  
  84  8:40  SCV  
  85  8:44  SCV x2  
  87  8:50  Marine x2, Marauder x3  
  87  8:51  Marine x3  
  87  8:52  SCV  
  99  8:56  SCV x2  
  99  9:00  Supply Depot  
  99  9:02  Supply Depot  
  101  9:04  Medivac x2  
  101  9:05  Factory  
  101  9:09  SCV x3  
  108  9:11  Marauder  
  108  9:12  Refinery  
  108  9:16  Command Center  
  110  9:17  Marine  
  110  9:18  Marine x2, Marauder x2, Refinery  
  110  9:21  Marine x2, SCV x2  
  121  9:26  Armory  
  121  9:27  SCV  
  121  9:29  Supply Depot  
  121  9:30  Engineering Bay  
  122  9:31  Supply Depot  
  122  9:33  Marauder  
  122  9:36  SCV, Supply Depot  
  122  9:37  SCV  
  126  9:41  Medivac x2  
  126  9:43  Siege Tank  
  133  9:50  SCV  
  134  9:57  Missile Turret  
  134  10:00  Missile Turret  
  134  10:08  Marine x5  
  134  10:09  Missile Turret  
  134  10:10  Factory Tech Lab  
  139  10:17  Thor  
  139  10:20  Marauder x3  
  151  10:22  Terran Infantry Weapons Level 2  
  151  10:27  Supply Depot  
  151  10:30  Supply Depot  
  151  10:32  Missile Turret  
  151  10:34  Supply Depot  
  151  10:35  Supply Depot  
  151  10:37  Terran Infantry Armor Level 2  
  151  10:45  SCV  
  152  10:58  Missile Turret  
  152  11:22  SCV x3  
  155  11:26  Planetary Fortress  
  155  11:34  SCV x2, Medivac x2  
  155  11:35  SCV  
  155  11:36  Marine x2, Marauder x3  
  155  11:37  Marine x3  
  155  11:38  Thor x2  
  185  11:46  SCV x2  
  187  11:51  Refinery  
  187  11:57  Marauder  
  187  11:58  Marauder x2  
  193  12:02  Marine x3  
  193  12:03  Marine x2  
  198  12:12  Missile Turret  
  198  12:19  Marauder  
  200  12:34  Missile Turret  
  200  12:55  Missile Turret  
  145  13:40  Marine x5  
  145  13:41  Marine x3  
  123  13:50  Thor x2  
  123  13:52  SCV x2  
  123  13:53  Viking x2  
  141  13:58  Marine x6  
  141  13:59  Marine x2  
  149  14:07  Refinery  
  149  14:14  SCV  
  149  14:15  Marine  
  149  14:16  Marine x6  
  149  14:17  Marine  
  157  14:20  Command Center  
  158  14:24  Barracks  
  158  14:25  Barracks x2  
  158  14:33  Marine x2, Barracks  
  158  14:34  Marine x6  
  158  14:37  Barracks  
  166  14:39  Terran Infantry Weapons Level 3  
  166  14:41  Terran Infantry Armor Level 3  
  166  14:42  Terran Vehicle Weapons Level 1  
  166  14:47  Armory  
  166  14:50  Medivac x2  
  166  14:51  Marine x3  
  166  14:52  Marine x2, Marauder  
  179  14:53  Marauder x2, Thor x2  
  179  14:55  SCV  
  179  14:59  SCV x2  
  196  15:09  Marine x2  
  200  15:14  Marauder  
  199  15:51  Liberator x2  
  126  16:15  Marauder x3  
  132  16:21  Thor x2  
  143  16:37  Marauder x2  
Tags
 
Add a new tag
Caveats
  • Supply blocks, unpowered buildings, or Contaminate may cause inaccurate times.
  • Supply counts are checked every 10 seconds.